 Dungeon Crawl Stone Soup version 0.20-a0-1018-ge435b50 (webtiles) character file.

94 Monsterracer the Slasher (level 4, -2/35 HPs)
             Began as a Formicid Abyssal Knight on Apr 17, 2017.
             Was a Follower of Lugonu.
             Slain by a worker ant (5 damage)
             ... on level 1 of the Dungeon.
             The game lasted 00:05:29 (1500 turns).

Monsterracer the Slasher (Formicid Abyssal Knight)  Turns: 1500, Time: 00:05:30

Health: -2/35      AC:  4    Str: 16    XL:     4   Next: 94%
Magic:  5/5        EV: 11    Int: 12    God:    Lugonu [*.....]
Gold:   50         SH:  0    Dex: 11    Spells: 3/3 levels left

rFire    . . .     SeeInvis +   a - +1 falchion
rCold    . . .     Gourm    .   (no shield)
rNeg     . . .     Faith    .   b - +0 leather armour
rPois    .         Spirit   .   (helmet unavailable)
rElec    .         Reflect  .   (no cloak)
rCorr    .         Harm     .   i - +0 pair of gloves
MR       .....                  (no boots)
Stlth    +.........             h - amulet of regeneration
Regen    0.6/turn               (no ring)
MPRegen  0.1/turn               (no ring)

@: lethally poisoned (-2 -> -8)
A: permanent stasis, dig shafts and tunnels, four strong arms, antennae 3
a: Dig, Shaft Self, Depart the Abyss, Renounce Religion


You were on level 1 of the Dungeon.
You worshipped Lugonu.
Lugonu was aware of your devotion.
You were not hungry.

You visited 1 branch of the dungeon, and saw 2 of its levels.
You visited the Abyss 1 time.

You collected 50 gold pieces.

Inventory:

Hand Weapons
 a - a +1 falchion (weapon)
Armour
 b - a +0 leather armour (worn)
 i - a +0 pair of gloves (worn)
Jewellery
 h - an amulet of regeneration (around neck)
Scrolls
 d - a scroll of fear {unknown}
 e - 4 scrolls of teleportation {unknown}
 g - 3 scrolls of identify {unknown}
 j - a scroll of blinking {unknown}
Comestibles
 c - 2 bread rations
 f - a royal jelly
 k - a chunk of flesh


   Skills:
 - Level 3.2 Fighting
 + Level 4.7 Long Blades
 - Level 2.1 Armour
 - Level 0.8 Dodging
 - Level 2.1 Invocations


You had 3 spell levels left.
You didn't know any spells.

Dungeon Overview and Level Annotations

Branches:
Dungeon (2/15)

Altars:
Qazlal


Innate Abilities, Weirdness & Mutations

You cannot be hasted, slowed, berserked, paralysed or teleported.
You can dig through walls and to a lower floor.
Your four strong arms can wield two-handed weapons with a shield.
You have a pair of large antennae on your head. (SInv)


Message History

You hit the worker ant but do no damage.
You feel sick. The worker ant bites you.
* * * LOW HITPOINT WARNING * * *
You hit the worker ant but do no damage.
* * * LOW HITPOINT WARNING * * *
You feel sick. The worker ant barely misses you. The worker ant bites you.
* * * LOW HITPOINT WARNING * * *
You hit the worker ant but do no damage.
* * * LOW HITPOINT WARNING * * *
You feel sick. The worker ant bites you.
* * * LOW HITPOINT WARNING * * *
You slash the worker ant!
The worker ant is heavily wounded.
* * * LOW HITPOINT WARNING * * *
You feel sick. The worker ant barely misses you.
You slash the worker ant!
The worker ant is almost dead.
* * * LOW HITPOINT WARNING * * *
You feel sick. The worker ant bites you.
You die...

#.#.#####..........######.#######
#.#................#.............
#.#######..........#......#######
#.#..####..........#......#
#.#.....##.###.....#.....)#
#.#.....##.# ###.###......#
#.#.....##.#####.###......#
#.#..#...........).#......#
#..............a@.(#......#
######.............#......# ..#
#.............#......# #.#
#.............#..[...#
#.####.............#......#
#.##...............#......####
#.##.........................#
#.##...............#.........#
#.##...............#.........#


You could see a worker ant.

Vanquished Creatures
  3 gnolls
  3 adders (D:2)
  An ufetubus (Abyss:1)
  An ooze (D:1)
  A dart slug (D:1)
  A leopard gecko (D:1)
  5 bats (D:1)
  3 goblins
  2 hobgoblins
  A kobold (D:2)
  A quokka (D:2)
  2 ball pythons (D:2)
  4 frilled lizards
  6 rats
34 creatures vanquished.

Notes
Turn   | Place    | Note
-------+----------+-------------------------------------------
     0 | Abyss:1  | Monsterracer the Formicid Abyssal Knight began the quest for the Orb.
     0 | Abyss:1  | Reached XP level 1. HP: 18/18 MP: 2/2
    90 | Abyss:1  | Noticed a neqoxec
    93 | Abyss:1  | Noticed a quasit
    95 | D:1      | Escaped the Abyss
   285 | D:1      | Reached XP level 2. HP: 21/24 MP: 3/3
   463 | D:1      | Reached skill level 3 in Long Blades
   653 | D:1      | Reached * piety under Lugonu
   653 | D:1      | Reached XP level 3. HP: 29/29 MP: 4/4
  1135 | D:2      | Found a stormy altar of Qazlal.
  1313 | D:2      | Reached skill level 4 in Long Blades
  1313 | D:2      | Reached XP level 4. HP: 26/35 MP: 5/5
  1500 | D:1      | Slain by a worker ant

Vault maps used:
D:1:      enne_arrival_octagon_isle
D:2:      nicolae_qazlal_eye_of_the_storm
Abyss:1:  evilmike_abyss_exit_6

Skill      XL: |  1  2  3 |
---------------+----------+-----
Long Blades    | 3 4 |  4.7
Fighting       | |  3.2
Armour         | |  2.1
Dodging        | |  0.8
Invocations    | |  2.1

Action                   |  1- 3 |  4- 6 || total
-------------------------+-------+-------++-------
Melee: Falchion          |    75 |    29 ||   104
Invok: Depart the Abyss  |     1 |       ||     1
  Use: Potion            |     5 |     1 ||     6
 Stab: Distracted        |     1 |       ||     1
  Eat: Chunk             |     1 |     1 ||     2
Armor: Leather armour    |    19 |     9 ||    28
Dodge: Dodged            |    58 |    17 ||    75
       Rpst.: Falchion   |    15 |     4 ||    19
